 Dungeon Crawl Stone Soup version 0.31-a0-18-gea43df2a32 (webtiles) character file.

Game seed: 839589463555846711

5462 Dittersdorf the Fighter (level 10, 0/66 HPs)
             Began as a Gargoyle Fighter on May 10, 2023.
             Was an Elder of Okawaru.
             Slain by a killer bee (2 damage)
             ... on level 8 of the Dungeon.
             The game lasted 00:12:40 (8422 turns).

Dittersdorf the Fighter (Gargoyle Fighter)          Turns: 8422, Time: 00:12:41

Health: 0/66       AC: 31    Str: 26    XL:     10   Next: 68%
Magic:  9/10       EV:  8    Int: 10    God:    Okawaru [****..]
Gold:   707        SH:  7    Dex:  9    Spells: 9/9 levels left

rFire   . . .        a - +1 flail
rCold   . . .        c - +1 buckler
rNeg    + . .        q - +0 chain mail
rPois   ∞            b - +1 helmet
rElec   +            i - +0 cloak
rCorr   +            l - +0 pair of gloves "Pumaa" {rCorr Str+3 Slay+3}
SInv    .            (no boots)
Will    .....        f - amulet of faith Stlth
                     o - +4 ring of protection
HPRegen 0.31/turn    p - +4 ring of protection
MPRegen 0.12/turn

%: faith
@: no status effects
A: sickness immunity, AC +7, negative energy resistance 1, electricity
resistance, torment resistance 1, petrification resistance
a: Renounce Religion, Heroism, Finesse


You were on level 8 of the Dungeon.
You worshipped Okawaru.
Okawaru was greatly pleased with you.
You visited 2 branches of the dungeon, and saw 10 of its levels.

You collected 847 gold pieces.
You spent 140 gold pieces at shops.

Inventory:

Hand Weapons
 a - a +1 flail (weapon)
 y - a +0 morningstar
Missiles
 B - a throwing net (quivered)
Armour
 b - a +1 helmet (worn)
 c - a +1 buckler (worn)
 i - a +0 cloak (worn)
 l - the +0 pair of gloves "Pumaa" (worn) {rCorr Str+3 Slay+3}
   (You found it on level 5 of the Dungeon)

   Str:       It affects your strength (+3).
   Slay:      It affects your accuracy & damage with ranged weapons and melee
   (+3).
   rCorr:     It protects you from acid and corrosion.
 q - a +0 chain mail (worn)
Jewellery
 f - an amulet of faith (around neck)
 o - a +4 ring of protection (left hand)
 p - a +4 ring of protection (right hand)
 r - a ring of fire
 x - an amulet of guardian spirit
Wands
 k - a wand of flame (2)
Scrolls
 t - 2 scrolls of teleportation
 u - a scroll of fog
 w - a scroll of enchant weapon
 z - a scroll of magic mapping
 A - 2 scrolls of poison
Potions
 d - 4 potions of might
 e - a potion of flight
 g - 2 potions of magic
 h - 3 potions of invisibility
 j - 5 potions of curing
 m - a potion of cancellation
 n - a potion of berserk rage
 s - 3 potions of heal wounds
 v - 2 potions of mutation


   Skills:
 + Level 9.2 Fighting
 + Level 8.0 Maces & Flails
 + Level 9.2 Armour
 + Level 9.2 Shields


You had 9 spell levels left.
You didn't know any spells.
Your spell library contained the following spells:

 Spells                   Type           Power      Damage    Failure   Level
 Freeze                   Ice            0%         1d3       86%         1
 Blink                    Tloc           0%         N/A       95%         2
 Lesser Beckoning         Tloc           0%         N/A       95%         2
 Momentum Strike          Conj/Tloc      0%         3d8       95%         2
 Scorch                   Fire           0%         2d5       95%         2
 Frozen Ramparts          Ice            0%         1d1       99%         3
 Hailstorm                Conj/Ice       0%         3d3       99%         3
 Inner Flame              Hex/Fire       0%         N/A       99%         3
 Portal Projectile        Hex/Tloc       0%         N/A       99%         3
 Flame Wave               Conj/Fire      0%         2d4       100%        4
 Sticky Flame             Conj/Fire      0%         2d3       100%        4
 Blade Hands              Tmut           0%         N/A       100%        5
 Tukima's Dance           Hex            Unusable   N/A       N/A         3
 Summon Cactus Giant      Summ           Unusable   N/A       N/A         6

Dungeon Overview and Level Annotations

Branches:
Dungeon (9/15)             Temple (1/1) D:4
   Lair: D:8-11         Orc: D:9-12

Altars:
Ashenzari
Cheibriados
Dithmenos
Elyvilon
Fedhas
Gozag
Hepliaklqana
Kikubaaqudgha
Makhleb
Nemelex Xobeh
Okawaru
Qazlal
Ru
Sif Muna
Trog
Uskayaw
Vehumet
Wu Jian
Xom
Yredelemnul
Zin
The Shining One

Shops:
D:3 =   D:6 !:


Innate Abilities, Weirdness & Mutations

You are immune to sickness and miasma.
Your stone body is resilient. (AC +7)
You are immune to poison.
You resist negative energy. (rN+)
You are resistant to electric shocks. (rElec)
You are resistant to unholy torment.
You are immune to petrification.


Message History

The killer bee stings you but does no damage.
You feel like a meek peon again. The killer bee closely misses you.
The killer bee stings you but does no damage.
The killer bee stings you!
* * * LOW HITPOINT WARNING * * *
The killer bee attacks as you move away!
You block the killer bee's attack.
The killer bee stings you but does no damage.
You block the killer bee's attack. The killer bee barely misses you.
The killer bee closely misses you. The killer bee barely misses you.
You block the killer bee's attack.
The killer bee stings you but does no damage. x3
The killer bee attacks as you move away!
The killer bee stings you but does no damage. x2
You block the killer bee's attack. x2
There is a stone staircase leading up here.
The killer bee stings you but does no damage. x2
You block the killer bee's attack.
The killer bee stings you but does no damage.
You block the killer bee's attack. The killer bee closely misses you.
You climb upwards.
There is a stone staircase leading down here.
The killer bee stings you.
* * * LOW HITPOINT WARNING * * *
The killer bee stings you but does no damage.
The killer bee barely misses you.
The killer bee stings you but does no damage.
You block the killer bee's attack.
The killer bee stings you but does no damage.
The killer bee attacks as you move away!
The killer bee stings you but does no damage.
The killer bee attacks as you move away!
The killer bee stings you but does no damage. x2
The killer bee barely misses you.
The killer bee stings you but does no damage.
The killer bee stings you.
* * * LOW HITPOINT WARNING * * *
The killer bee closely misses you. The killer bee stings you.
You die...

#....................
#....................
#....................
#..............##'##.
##...#.....♣...##.##.
#.#.......♣...##.##.
#....##.......##.###
###.y##.########.#
#@y...####.....###
#.y>..............
#.##..^...........
#)###.........####
#.# #...........##
#######.#
#..###.####.##
#.......# #..# #.#
#.## #.#######
#..###.####... #.#
#.............


You could see 3 killer bees.

Vanquished Creatures
  An unseen horror (D:7)
  Grinder (D:4)
  Sigmund (D:3)
  2 wyverns (D:8)
  5 yaks (D:9)
  A steam dragon (D:8)
  A sky beast (D:7)
  An orc warrior (D:6)
  4 ice beasts
  A black bear (D:5)
  2 ogres
  3 centaurs
  3 kobold brigands
  A bullfrog (D:8)
  2 scorpions (D:5)
  8 wights
  18 killer bees
  4 howler monkeys
  A jelly (D:6)
  2 gnoll boudas
  2 orc priests
  4 hounds
  A sleepcap (D:8)
  Jessica (D:3)
  Ijyb (D:2)
  3 iguanas
  4 orc wizards (D:6)
  Robin (D:3)
  10 adders
  13 gnolls
  A white imp (D:7)
  2 ufetubi (D:6)
  3 worms
  5 dart slugs
  26 orcs
  3 endoplasms
  5 giant cockroaches
  12 goblins
  15 hobgoblins
  2 jackals (D:1)
  7 quokkas
  2 ball pythons
  3 bats
  5 frilled lizards
  19 kobolds
  4 rats
216 creatures vanquished.

Vanquished Creatures (others)
  2 goblins
2 creatures vanquished.

Grand Total: 218 creatures vanquished

Notes
Turn   | Place    | Note
-------+----------+-------------------------------------------
     0 | D:1      | Dittersdorf the Gargoyle Fighter began the quest for the
                  | Orb.
     0 | D:1      | Reached XP level 1. HP: 14/14 MP: 1/1
    97 | D:1      | Reached XP level 2. HP: 19/19 MP: 2/2
   325 | D:1      | Reached XP level 3. HP: 23/23 MP: 3/3
   955 | D:2      | Reached XP level 4. HP: 28/29 MP: 4/4
  1541 | D:3      | Noticed Sigmund
  1752 | D:3      | Killed Sigmund
  1753 | D:3      | Reached XP level 5. HP: 12/34 MP: 5/5
  1753 | D:3      | Reached XP level 6. HP: 14/39 MP: 6/6
  1901 | D:3      | Noticed Ijyb
  1901 | D:3      | Noticed Robin
  2129 | D:2      | Killed Ijyb
  2201 | D:3      | Killed Robin
  2388 | D:3      | Found Qyaq Qon's Jewellery Shop.
  2467 | D:3      | Noticed Jessica
  2475 | D:3      | Killed Jessica
  2476 | D:3      | Reached skill level 5 in Fighting
  2718 | D:3      | Reached skill level 5 in Shields
  3009 | D:4      | Identified a scroll of acquirement
  3009 | D:4      | Acquired 550 gold pieces
  3058 | D:4      | Found a staircase to the Ecumenical Temple.
  3068 | Temple   | Entered the Ecumenical Temple
  3275 | Temple   | Became a worshipper of Warmaster Okawaru
  3627 | D:4      | Reached skill level 5 in Armour
  3627 | D:4      | Reached XP level 7. HP: 44/44 MP: 7/7
  3962 | D:4      | Noticed Grinder
  3984 | D:4      | Paralysed by Grinder for 5 turns
  3993 | D:4      | Killed Grinder
  4106 | D:5      | Entered Level 5 of the Dungeon
  4114 | D:5      | Reached * piety under Okawaru
  4229 | D:5      | Found a hide-covered altar of Uskayaw.
  4253 | D:5      | Reached XP level 8. HP: 51/51 MP: 8/8
  4352 | D:5      | Identified the +0 pair of gloves "Pumaa" {rCorr Str+3
                  | Slay+3}
  4529 | D:5      | Reached skill level 5 in Maces & Flails
  4532 | D:5      | Reached ** piety under Okawaru
  5287 | D:6      | Reached XP level 9. HP: 43/56 MP: 9/9
  5334 | D:6      | Identified the +0 leather armour of Ashenzari's Regard {rC+
                  | Will+}
  5355 | D:6      | Reached *** piety under Okawaru
  5687 | D:6      | Found Bozetago's Distillery.
  5695 | D:6      | Bought a potion of heal wounds for 70 gold pieces
  5695 | D:6      | Bought a potion of heal wounds for 70 gold pieces
  5743 | D:6      | Found Uwon Mack's Book Emporium.
  6389 | D:7      | Reached **** piety under Okawaru
  6902 | D:7      | Killed an unseen horror
  7198 | D:8      | Identified the +4 dagger of the Furious {freeze, SInv}
  7270 | D:8      | Reached XP level 10. HP: 64/64 MP: 10/10
  8059 | D:9      | Reached ***** piety under Okawaru
  8352 | D:9      | Received a gift from Okawaru
  8422 | D:8      | HP: 2/66 [killer bee (6)]
  8422 | D:8      | Slain by a killer bee

Illustrated notes

Levels and vault maps discovered:
D:1:      nzn_arrival_crosshair, layout_loops_ring, minmay_tromino_v4_b
D:2:      layout_basic, serial_co_window_serial, co_window_of_opportunity_a,
          co_window_paths_a, co_window_paths_a, co_window_paths_a,
          co_window_of_opportunity_a, co_window_paths_a, co_window_paths_b,
          co_window_paths_a, co_window_cross_1, co_window_broadway_b,
          co_window_2corner, co_window_unsneaky_path_a, co_window_4corner_a,
          co_window_paths_e, st_stairs_2
D:3:      layout_basic, serial_shops, shop, minmay_fractal_squares_diagonal_5,
          uniq_sigmund, uniq_ijyb, uniq_jessica, uniq_robin
D:4:      layout_loops_corners, minmay_temple_entry_mini_moons, uniq_grinder
D:5:      layout_rooms, nicolae_uskayaw_dance_hall, hellmonk_bongcloud_opening
D:6:      layout_loops_ring, serial_shops, kennysheep_little_box, shop
D:7:      layout_basic
D:8:      layout_basic, serial_corexii_hall, chequers_hall_statues_corner_a,
          corexii_hall_statues_i, corexii_hall_statues_l,
          chequers_hall_statues_wall_a
D:9:      wad_woods_minihive, layout_basic, orc_0_dummy, minivault_21
Temple:   mainiacjoe_temple_archimedes_tessellation

Skill      XL: |  1  2  3  4  5  6  7  8  9 10 |
---------------+-------------------------------+-----
Fighting       | 4 5 6 8 9 |  9.2
Armour         | 4 5 6 8 9 |  9.2
Shields        | 4 5 6 8 9 |  9.2
Maces & Flails | 3 4 5 7 8 |  8.0

Action                     |  1- 3 |  4- 6 |  7- 9 | 10-12 || total
---------------------------+-------+-------+-------+-------++-------
  Melee: Flail             |   104 |   260 |   411 |   178 ||   953
 Invoke: Heroism           |       |       |       |     4 ||     4
    Use: Scroll            |       |    11 |     9 |       ||    20
 Armour: Scale mail        |    55 |    40 |       |       ||    95
         Chain mail        |       |   121 |   359 |   240 ||   720
  Dodge: Dodged            |    39 |   107 |   170 |   158 ||   474
  Block: Buckler           |    14 |    62 |   154 |   142 ||   372

Table legend: (Time is in decaauts)
 A = Elapsed time spent in this place.
 B = Non-inter-level travel time spent in this place.
 C = Inter-level travel time spent in this place.
 D = Time resting spent in this place.
 E = Time spent auto-exploring this place.
 F = Levels seen in this place.
 G = Mean time per level.
                   A        B        C        D        E       F      G
               +--------+--------+--------+--------+--------+-----+--------+
         Total |   8586 |   8200 |    386 |   1396 |   4739 |  10 |  858.6 |
       Dungeon |   8336 |   8001 |    335 |   1396 |   4561 |   9 |  926.2 |
        Temple |    250 |    199 |     51 |      0 |    178 |   1 |  250.0 |
               +--------+--------+--------+--------+--------+-----+--------+

Top non-repeatable levels by time:
     D:2: 1334 daAuts
     D:8: 1323 daAuts
     D:7: 1176 daAuts
     D:6: 1037 daAuts
     D:3: 1030 daAuts
     D:4: 924 daAuts
     D:1: 708 daAuts
     D:5: 675 daAuts
  Temple: 250 daAuts
     D:9: 125 daAuts
